 Dungeon Crawl Stone Soup version 0.27-a0-1139-g28e009f8a6 (webtiles) character file.

Game seed: 1760151555508778914

96 Zeld the Skirmisher (level 4, -2/33 HPs)
             Began as an Octopode Fighter on May 7, 2021.
             Slain by an orc
             ... wielding a +0 flail
              (5 damage)
             ... on level 2 of the Dungeon.
             The game lasted 00:03:57 (1475 turns).

Zeld the Skirmisher (Octopode Fighter)              Turns: 1475, Time: 00:03:58

Health: -2/33      AC:  3    Str: 16    XL:     4   Next: 67%
Magic:  4/4        EV: 11    Int: 10    God:
Gold:   73         SH:  9    Dex: 11    Spells: 3/3 levels left

rFire    . . .     SeeInvis .   a - +0 war axe
rCold    . . .     Faith    .   b - +0 kite shield
rNeg     . . .     Spirit   .   f - +2 hat
rPois    .         Reflect  .   (no amulet)
rElec    .         Harm     .   (no ring)
rCorr    .         Rampage  .   (no ring)
Will     .....                  (no ring)
Stlth    ++........             (no ring)
HPRegen  0.11/turn              (no ring)
MPRegen  0.09/turn              (no ring)
                                (no ring)
                                (no ring)

@: brilliant
A: almost no armour, amphibious, 8 rings, camouflage 1, gelatinous body 1,
(nimble swimmer 1), tentacles
a: no special abilities


You were on level 2 of the Dungeon.
You visited 1 branch of the dungeon, and saw 2 of its levels.

You collected 73 gold pieces.

Inventory:

Hand Weapons
 a - a +0 war axe (weapon)
Armour
 b - a +0 kite shield (worn)
 f - a +2 hat (worn)
Potions
 c - a potion of might


   Skills:
 * Level 3.9 Fighting
 * Level 3.1 Axes
 - Level 3.0 Dodging
 * Level 3.8 Shields


You had 3 spell levels left.
You didn't know any spells.
Your spell library contained the following spells:

 Spells                   Type           Power      Damage    Failure   Level
 Magic Dart               Conj           0%         1d3       85%         1
 Blink                    Tloc           N/A        N/A       94%         2
 Call Imp                 Summ           0%         N/A       94%         2
 Slow                     Hex            0%         N/A       94%         2
 Conjure Flame            Conj/Fire      0%         6-21      99%         3
 Mephitic Cloud           Conj/Pois/Air  0%         N/A       99%         3


Dungeon Overview and Level Annotations

Branches:
Dungeon (2/15)

Altars:


Innate Abilities, Weirdness & Mutations

You cannot wear most types of armour.
You are amphibious.
You can wear up to eight rings at the same time.
Your skin changes colour to match your surroundings (Stealth+).
Your rubbery body absorbs attacks. (AC +1, EV +1)
((You are camouflaged near water. (Stealth+)))
You have tentacles for arms and can constrict up to eight enemies at once.


Message History

Drop what? 7/52 slots (_ for help) (? for menu, Esc to quit)
Autopickup disabled for rings of fire.
You drop a ring of fire. 2 orcs come into view.
The orc shouts!
An orc comes into view. It is wielding a +0 flail.
An orc comes into view. It is wielding a +0 hand axe.
An orc priest comes into view. It is wielding a +0 trident.
The orc shouts!
The orc priest shouts!
The orc shouts!
The orc closely misses you. You block the orc's attack. x2
Found 25 gold pieces.
Unknown command.
You closely miss the orc. You grab the orc. You squeeze the orc.
The orc is heavily wounded.
You barely miss the orc. You constrict the orc.
The orc hits you but does no damage.
The orc priest hits you from afar with a +0 trident!
The orc escapes!
Unknown command.
You slash the orc!
You kill the orc!
You hit the orc. x2; The orc completely misses you.
You block the orc's attack.
The orc priest looks braver for a moment.
You block the orc's attack. The orc misses you. The orc completely misses you.
The orc priest invokes the aid of Beogh against you.
Beogh smites you!
Okay, then.
It was a potion of brilliance.
You feel clever all of a sudden. The orc hits you with a +0 flail.
The orc hits you with a +0 hand axe.
* * * LOW HITPOINT WARNING * * *
The orc barely misses you.
The orc priest hits you from afar with a +0 trident.
* * * LOW HITPOINT WARNING * * *
Okay, then.
As you read the scroll labelled FIGROERGHOY, it crumbles to dust.
Wisps of shadow whirl around you...
It was a scroll of summoning.
The orc suddenly shouts.
The orc hits you with a +0 flail.
You die...

#######.##.####'####
#.##...†.....#
#.##......=..# #
#.##.........# ##
#.##......#### . ##
#.######....#####
#♣#.# #.#
#.....S.....# .#..#
#.# #.#..)....#.#
..# ###†# #
#.8@oo8.# #.#♣#.##.#
#gJoo...# ...#..##.#
#.......# .#...# #.#
#.......# #♣#.#♣##.#
#.8...8.# .#...#.#.#
#.......# ...#...#.#
##.....##
#.#♣#..#.### ##$⌠$##
.).#.......#


You could see an orc priest (ally target), 3 orcs, a friendly adder (summoned),
a friendly endoplasm (summoned) and a friendly hobgoblin (summoned).

Vanquished Creatures
  Natasha (twice) (D:2)
  An orc (D:2)
  4 ball pythons
  3 endoplasms (D:1)
  A giant cockroach (D:1)
  5 hobgoblins
  6 jackals
  4 kobolds
  A quokka (D:2)
  6 bats
  7 goblins
  2 rats
42 creatures vanquished.

Vanquished Creatures (others)
  2 plants (D:1)
2 creatures vanquished.

Grand Total: 44 creatures vanquished

Notes
Turn   | Place    | Note
-------+----------+-------------------------------------------
     0 | D:1      | Zeld the Octopode Fighter began the quest for the Orb.
     0 | D:1      | Reached XP level 1. HP: 16/16 MP: 1/1
    26 | D:1      | Reached XP level 2. HP: 12/21 MP: 2/2
    30 | D:1      | HP: 1/21 [goblin/+0 dagger (1)]
   430 | D:1      | Found a faded altar of an unknown god.
   642 | D:1      | Reached XP level 3. HP: 25/26 MP: 3/3
   965 | D:2      | Noticed Natasha
   967 | D:2      | Killed Natasha
  1089 | D:2      | Reached XP level 4. HP: 26/32 MP: 4/4
  1336 | D:2      | Noticed Natasha
  1343 | D:2      | Killed Natasha
  1475 | D:2      | Slain by an orc

Illustrated notes

Levels and vault maps discovered:
D:1:      tarquinn_simple_flora_water_c, layout_basic,
          shapermc_ecumenical_altar_gd
D:2:      cheibrodos_pilgrimage, layout_basic, serial_curves, eino_curves_03,
          eino_curves_02, kennysheep_doodads, grunt_ministairs_11, uniq_natasha

Skill      XL: |  1  2  3  4 |
---------------+-------------+-----
Axes           | 3 |  3.1
Fighting       | |  3.9
Dodging        | |  3.0
Shields        | |  3.8

Action                   |  1- 3 |  4- 6 || total
-------------------------+-------+-------++-------
Melee: War axe           |    52 |    20 ||    72
       Constrict         |    17 |     4 ||    21
       Tentacles         |     8 |     2 ||    10
  Use: Scroll            |       |     1 ||     1
       Potion            |       |     1 ||     1
 Stab: Sleeping          |     3 |     2 ||     5
Armor: Skin              |     9 |     2 ||    11
Dodge: Dodged            |    35 |    10 ||    45
Block: Kite shield       |    33 |     9 ||    42

Table legend: (Time is in decaauts)
 A = Elapsed time spent in this place.
 B = Non-inter-level travel time spent in this place.
 C = Inter-level travel time spent in this place.
 D = Time resting spent in this place.
 E = Time spent auto-exploring this place.
 F = Levels seen in this place.
 G = Mean time per level.
                   A        B        C        D        E       F      G
               +--------+--------+--------+--------+--------+-----+--------+
         Total |   1519 |   1499 |     20 |      6 |   1200 |   2 |  759.5 |
       Dungeon |   1519 |   1499 |     20 |      6 |   1200 |   2 |  759.5 |
               +--------+--------+--------+--------+--------+-----+--------+

Top non-repeatable levels by time:
     D:1: 987 daAuts
     D:2: 531 daAuts
